cohdb
Replays
Latest Replays
All Replays
Popular Replays
Top Player Replays
Match Explorer
How It Works
Community
CoH3 Stats
Reddit
Sign in to upload your games and track your stats! →
Sign in with Steam
Match 42817468
Unlisted
Match 42817468
Overview
Messages
Build Orders
End
Construct Infanterie Kompanie
Grenadier Squad
MG 42 Machine Gun Team
MG 42 Machine Gun Team
Construct Luftwaffe Kompanie
Jäger Squad
Jäger Squad
Support Elements
Wirbelwind Flakpanzer
Construct Panzer Kompanie
GrW 34 Mortar Team
Stoßtruppen Squad
Medical Bunker
Panzer IV Medium Tank
Selects Mechanized Battlegroup
Selects Raid Package
Selects StuG Assault Group
Selects UNKNOWN (2160084)
Selects Spotting Scopes
Joe™
Dave
Liftwaffles
vk3 enjoyer
0
0
Comments
sign in to comment!
No comments posted yet!